[Event "ICC tourney 2412 (45 10)"]
[Site "Internet Chess Club"]
[Date "2021.02.27"]
[Round "3"]
[White "THOMAS, MICHAEL G:chesslin"]
[Black "ZHENG, ALAN:AlanZ"]
[Result "1/2-1/2"]
[ICCResult "Game drawn by mutual agreement"]
[WhiteElo "1949"]
[BlackElo "1718"]
[Opening "Queen's pawn: London system"]
[ECO "A45"]
[NIC "QP.07"]
[Time "16:03:05"]
[PlyCount "132"]
[TimeControl "2700+10"]

1. d4 Nf6 2. Bf4 d5 3. e3 Bf5 4. c4 e6 5. Nc3 Bd6 6. c5 Bxf4 7. exf4 O-O 8.
Nf3 c6 9. Be2 h6 10. O-O Nbd7 11. Re1 Qc7 12. Qc1 b6 13. b4 a5 14. cxb6
Qxb6 15. b5 Rfc8 16. Qa3 Ne4 17. Na4 Qb8 18. bxc6 Rxc6 19. Rab1 Qxf4 20.
Bb5 Rc2 21. Qe3 Qxe3 22. fxe3 Ndf6 23. Re2 Rxe2 24. Bxe2 Rc8 25. Nc5 Nxc5
26. Rc1 Nfe4 27. Ne5 Kf8 28. dxc5 f6 29. Nd7+ Ke7 30. c6 Kd6 31. Bb5 e5 32.
Nb6 Rb8 33. Nc4+ dxc4 34. Bxc4 Nc5 35. a4 Kxc6 36. Bb5+ Kd6 37. h3 Rb7 38.
g4 Be6 39. Rd1+ Ke7 40. Kg2 Bb3 41. Ra1 Rb8 42. Ra3 Rd8 43. Ra1 Rd2+ 44.
Kg3 Ne4+ 45. Kh4 Rh2 46. Rg1 g5+ 47. Kh5 Kf7 48. Bf1 Bxa4 49. Kxh6 Rb2 50.
Bg2 Nd6 51. Bd5+ Ke7 52. Rc1 Rh2 53. Rc7+ Kd8 54. Ra7 Rxh3+ 55. Kg7 Rxe3
56. Rxa5 Bd7 57. Kxf6 Bxg4 58. Kxg5 Bf3 59. Be6 Ke7 60. Bh3 e4 61. Kf4 Re1
62. Ra7+ Kd8 63. Rd7+ Ke8 64. Rxd6 Ke7 65. Ke5 Ra1 66. Rd7+ Ke8 { Game
drawn by mutual agreement } 1/2-1/2

[Event "ICC tourney 2412 (45 10)"]
[Site "Internet Chess Club"]
[Date "2021.02.27"]
[Round "4"]
[White "THATIPARTHI, VINEETHREDDY:Vinny773175"]
[Black "ZHANG, SUNNY:AboardBuffalo"]
[Result "0-1"]
[ICCResult "White resigns"]
[WhiteElo "1763"]
[BlackElo "1656"]
[Opening "Ruy Lopez: 5.O-O"]
[ECO "C78"]
[NIC "RL.12"]
[Time "18:32:09"]
[PlyCount "54"]
[TimeControl "2700+10"]

1. e4 e5 2. Nf3 Nc6 3. Bb5 a6 4. Ba4 Nf6 5. O-O b5 6. Bb3 Bc5 7. c3 d6 8.
d3 h6 9. h3 Bb7 10. Nbd2 O-O 11. Re1 Re8 12. Nf1 d5 13. exd5 Nxd5 14. Ng3
Nf6 15. Be3 Bxe3 16. Re2 Bb6 17. Nh4 Qd7 18. Nhf5 Rad8 19. Qd2 Qxd3 20.
Nxh6+ gxh6 21. Qxh6 Qxg3 22. Qxf6 Qg7 23. Qh4 Nd4 24. Re4 Bxe4 25. Qxe4
Nxb3 26. axb3 Rd2 27. Qc6 Red8 { White resigns } 0-1

[Event "ICC tourney 2412 (45 10)"]
[Site "Internet Chess Club"]
[Date "2021.02.27"]
[Round "4"]
[White "JAYAGANESH, PRANAV ESWAR:happyscientist"]
[Black "SESHADRI, SRIDHAR:SridharCCA70"]
[Result "0-1"]
[ICCResult "White resigns"]
[WhiteElo "1811"]
[BlackElo "1567"]
[Opening "Petrov three knights game"]
[ECO "C26"]
[NIC "AL.10"]
[Time "18:32:13"]
[PlyCount "54"]
[TimeControl "2700+10"]

1. e4 Nf6 2. Nc3 e5 3. Nf3 d6 4. Bc4 Be7 5. d3 O-O 6. O-O c6 7. Bg5 a5 8.
a3 Be6 9. Bxe6 fxe6 10. h3 Nbd7 11. Ne2 d5 12. Ng3 Ne8 13. Bxe7 Qxe7 14.
Re1 d4 15. Qd2 h6 16. c3 c5 17. Rac1 Rxf3 18. gxf3 Qh4 19. Kg2 Nef6 20.
cxd4 exd4 21. e5 Nd5 22. Re4 Qg5 23. Qxg5 hxg5 24. Rg4 Nxe5 25. Rxg5 Nxd3
26. Rc2 Rf8 27. Ne4 Ne1+ { White resigns } 0-1

[Event "ICC tourney 2412 (45 10)"]
[Site "Internet Chess Club"]
[Date "2021.02.27"]
[Round "4"]
[White "MARTINEZ, ABRAHAM:Pugnacious"]
[Black "CHERUKURI, NITESH:Niteshc"]
[Result "0-1"]
[ICCResult "White resigns"]
[WhiteElo "1671"]
[BlackElo "1690"]
[Opening "Caro-Kann: advance variation"]
[ECO "B12"]
[NIC "CK.02"]
[Time "18:32:07"]
[PlyCount "28"]
[TimeControl "2700+10"]

1. e4 c6 2. d4 d5 3. e5 c5 4. c3 Nc6 5. Nf3 Bg4 6. Bf4 e6 7. Nbd2 cxd4 8.
cxd4 Bb4 9. Be2 Bxf3 10. Bxf3 Nxd4 11. O-O Ne7 12. Qa4+ Nec6 13. Bd1 b5 14.
Qa6 Rb8 { White resigns } 0-1

[Event "ICC tourney 2412 (45 10)"]
[Site "Internet Chess Club"]
[Date "2021.02.27"]
[Round "4"]
[White "MUTHUKUMAR, AADITH:dabpacman"]
[Black "STEINER, ADAMSON:poohfur"]
[Result "0-1"]
[ICCResult "White resigns"]
[WhiteElo "1458"]
[BlackElo "1706"]
[Opening "Vienna gambit"]
[ECO "C29"]
[NIC "VG.04"]
[Time "18:32:11"]
[PlyCount "46"]
[TimeControl "2700+10"]

1. e4 e5 2. Nc3 Nf6 3. f4 d6 4. Nf3 Nbd7 5. Bc4 Be7 6. d3 b6 7. f5 Bb7 8.
O-O a5 9. Bd2 c6 10. a4 d5 11. Ba2 Bc5+ 12. Kh1 dxe4 13. dxe4 Ba6 14. Ne2
Nxe4 15. Qe1 Ndf6 16. Nxe5 Qxd2 17. Bxf7+ Kf8 18. c4 Qxe1 19. Raxe1 Nf2+
20. Rxf2 Bxf2 21. Rd1 Ke7 22. Be6 Bb7 23. Nf4 Rhd8 { White resigns } 0-1

[Event "ICC tourney 2412 (45 10)"]
[Site "Internet Chess Club"]
[Date "2021.02.27"]
[Round "4"]
[White "CHERUKURI, DEVESH:Deveshc"]
[Black "ZHENG, CARISSA ANGELA:bg26723"]
[Result "0-1"]
[ICCResult "White checkmated"]
[WhiteElo "1532"]
[BlackElo "1880"]
[Opening "Caro-Kann: exchange variation"]
[ECO "B13"]
[NIC "CK.02"]
[Time "18:32:11"]
[PlyCount "112"]
[TimeControl "2700+10"]

1. e4 c6 2. d4 d5 3. exd5 cxd5 4. Bd3 Nf6 5. h3 e6 6. c3 Be7 7. Nf3 O-O 8.
O-O b6 9. Bf4 Ba6 10. Bxa6 Nxa6 11. Nbd2 Bd6 12. Bxd6 Qxd6 13. Ne5 b5 14.
a3 Nc7 15. Nb3 a5 16. Qd2 Na6 17. Nxa5 Nc5 18. dxc5 Qxe5 19. b4 Ne4 20. Qd4
Qg5 21. f3 Ng3 22. Rf2 Nf5 23. Qd2 Qf6 24. f4 Ng3 25. Qd4 Ne4 26. Qxf6 gxf6
27. Rc2 Nxc5 28. Nc6 Ne4 29. Nd4 Rab8 30. Nc6 Rb7 31. Nd4 Rc8 32. Rac1 e5
33. fxe5 fxe5 34. Ne2 Rbc7 35. g4 d4 36. Rd2 Nxd2 37. Kf2 dxc3 38. Ke3 Nb3
39. Rb1 c2 40. Rxb3 c1=Q+ 41. Nxc1 Rxc1 42. Ke4 R1c3 43. Rxc3 Rxc3 44. Kxe5
Rxa3 45. Kd5 Rc3 46. h4 Kg7 47. g5 Kg6 48. Ke4 Rc4+ 49. Kd3 Kh5 50. Ke3
Kxh4 51. Kd3 Kxg5 52. Ke3 h5 53. Kf3 h4 54. Kg2 Kg4 55. Kh1 Kg3 56. Kg1
Rc1# { White checkmated } 0-1

[Event "ICC tourney 2412 (45 10)"]
[Site "Internet Chess Club"]
[Date "2021.02.27"]
[Round "4"]
[White "VATS, ATIKSH:avats"]
[Black "MARTINEZ, LAWRENCE:apachekid"]
[Result "1-0"]
[ICCResult "Black resigns"]
[WhiteElo "1577"]
[BlackElo "1816"]
[Opening "Sicilian: accelerated fianchetto, modern variation with Bc4"]
[ECO "B35"]
[NIC "SI.33"]
[Time "18:32:12"]
[PlyCount "97"]
[TimeControl "2700+10"]

1. e4 c5 2. Nf3 Nc6 3. d4 cxd4 4. Nxd4 g6 5. Nc3 Bg7 6. Be3 Nf6 7. Bc4 O-O
8. O-O Qb6 9. Nxc6 Qxc6 10. Bb5 Qe6 11. f3 d5 12. Nxd5 Nxd5 13. Qxd5 Qxd5
14. exd5 Bf5 15. c3 Rfd8 16. Rad1 a6 17. Bc4 b5 18. Bb3 a5 19. a3 a4 20.
Ba2 Bc2 21. Rd2 Bf5 22. g4 Bc8 23. Rfd1 Bb7 24. Kf2 Rac8 25. d6 exd6 26.
Rxd6 Re8 27. Rd7 Bc6 28. Bxf7+ Kh8 29. Bxe8 Rxe8 30. Rd8 Kg8 31. Rxe8+ Bxe8
32. Bd4 Bf8 33. f4 Be7 34. Kg3 h6 35. Be5 Kf7 36. f5 gxf5 37. gxf5 Bc6 38.
f6 Bc5 39. Rd8 Ke6 40. Rc8 Kd5 41. Bd4 Bd6+ 42. Kf2 Bd7 43. Rd8 Ke6 44. f7
Kxf7 45. Rxd7+ Ke6 46. Rb7 Bxh2 47. Rxb5 Bf4 48. Be3 Be5 49. Bxh6 { Black
resigns } 1-0

[Event "ICC tourney 2412 (45 10)"]
[Site "Internet Chess Club"]
[Date "2021.02.27"]
[Round "4"]
[White "MATHIYAZHAGAN, ASHRITH:Kinawa"]
[Black "SANE, ADWAY:adwaysane"]
[Result "1-0"]
[ICCResult "Black resigns"]
[WhiteElo "1589"]
[BlackElo "1716"]
[Opening "Scotch gambit: Dubois-Réti defense"]
[ECO "C55"]
[NIC "KP.02"]
[Time "18:32:14"]
[PlyCount "57"]
[TimeControl "2700+10"]

1. e4 e5 2. Nf3 Nc6 3. d4 exd4 4. Bc4 Nf6 5. e5 d5 6. Bb5 Ne4 7. Nxd4 Bd7
8. Bxc6 bxc6 9. O-O Be7 10. f3 Ng5 11. f4 Ne6 12. f5 Nxd4 13. Qxd4 f6 14.
e6 Bc8 15. Qg4 Bc5+ 16. Kh1 Qe7 17. Qh5+ Kd8 18. Nc3 Ba6 19. Rf4 Bd6 20.
Rg4 d4 21. Rxd4 c5 22. Rg4 Be5 23. Be3 Bxc3 24. bxc3 Be2 25. Qh4 Bxg4 26.
Qxg4 g6 27. Rd1+ Kc8 28. Rd7 Qe8 29. Qf4 { Black resigns } 1-0

[Event "ICC tourney 2412 (45 10)"]
[Site "Internet Chess Club"]
[Date "2021.02.27"]
[Round "4"]
[White "RAMASWAMY, PUDUR:clair"]
[Black "BHEEMAIAH, AYUSH:Ayushb"]
[Result "1-0"]
[ICCResult "Black resigns"]
[WhiteElo "1723"]
[BlackElo "1769"]
[Opening "Queen's pawn, Mason variation"]
[ECO "D00"]
[NIC "QP.08"]
[Time "18:32:24"]
[PlyCount "67"]
[TimeControl "2700+10"]

1. d4 d5 2. Bf4 Nf6 3. e3 e6 4. Nd2 Be7 5. c3 Nbd7 6. h3 b6 7. Ngf3 Bb7 8.
Bd3 h6 9. O-O O-O 10. Ne5 Nxe5 11. dxe5 Ne4 12. Qg4 Bg5 13. Rad1 Nc5 14.
Bc2 Ba6 15. Rfe1 Bd3 16. Bxd3 Nxd3 17. Nf3 Nxe1 18. Nxg5 hxg5 19. Bxg5 Nf3+
20. gxf3 f5 21. exf6 Rxf6 22. e4 c6 23. h4 Qf8 24. Bxf6 Qxf6 25. Qg5 Qxf3
26. Re1 Rf8 27. Qg3 Qh5 28. exd5 Rf6 29. Rxe6 Qd1+ 30. Kh2 Rf8 31. Re7 Rf7
32. Rxf7 Kxf7 33. Qc7+ Kg8 34. dxc6 { Black resigns } 1-0

[Event "ICC tourney 2412 (45 10)"]
[Site "Internet Chess Club"]
[Date "2021.02.27"]
[Round "4"]
[White "ZHENG, ALAN:AlanZ"]
[Black "MARTINEZ, ENOCH:TheChessShark"]
[Result "1/2-1/2"]
[ICCResult "Game drawn by mutual agreement"]
[WhiteElo "1718"]
[BlackElo "1809"]
[Opening "Réti opening"]
[ECO "A06"]
[NIC "QP.09"]
[Time "18:32:12"]
[PlyCount "48"]
[TimeControl "2700+10"]

1. Nf3 d5 2. e3 Nf6 3. c4 e6 4. Nc3 Bd6 5. d4 O-O 6. b3 Nbd7 7. Bb2 b6 8.
Be2 Bb7 9. O-O c5 10. Rc1 Rc8 11. cxd5 Nxd5 12. Nxd5 Bxd5 13. Qd3 Nf6 14.
Rfd1 h6 15. Nd2 Bb7 16. Bf3 Bxf3 17. Nxf3 Nd5 18. dxc5 Bxc5 19. a3 Be7 20.
Rxc8 Qxc8 21. Rc1 Qb7 22. h3 Rd8 23. Qc4 Bf6 24. Bxf6 Nxf6 { Game drawn by
mutual agreement } 1/2-1/2

[Event "ICC tourney 2412 (45 10)"]
[Site "Internet Chess Club"]
[Date "2021.02.27"]
[Round "4"]
[White "GARG, ADVIK:aachess4321"]
[Black "CHEN, JOCELYN:WCCJCS"]
[Result "1-0"]
[ICCResult "Black checkmated"]
[WhiteElo "1289"]
[BlackElo "1803"]
[Opening "Sicilian: Najdorf, Opocensky variation"]
[ECO "B92"]
[NIC "SI.10"]
[Time "18:32:18"]
[PlyCount "125"]
[TimeControl "2700+10"]

1. e4 c5 2. Nf3 d6 3. d4 cxd4 4. Nxd4 Nf6 5. Nc3 a6 6. Be2 e5 7. Nb3 Be6 8.
O-O Be7 9. Be3 O-O 10. h3 Nbd7 11. f4 Bxb3 12. axb3 Qc7 13. f5 Nc5 14. Bf3
Qc6 15. Nd5 Nxd5 16. exd5 Qc7 17. Bh5 Bf6 18. Qe1 h6 19. c4 Nxb3 20. Ra3
Nc5 21. Qg3 Kh7 22. Qg4 Qe7 23. b4 Nd7 24. Rc1 e4 25. Rc2 Qe5 26. Bc1 Qd4+
27. Be3 Qe5 28. Bf4 Qe7 29. c5 Bd4+ 30. Kh2 Nf6 31. Qd1 Nxh5 32. Qxh5 Be5
33. Qg4 Rfe8 34. Qg3 Bxf4 35. Qxf4 Rad8 36. c6 bxc6 37. Rxc6 e3 38. Rc1 e2
39. Re1 Qf6 40. Ra2 Qe5 41. Qxe5 Rxe5 42. Rexe2 Rxf5 43. Rxa6 Rxd5 44. Re7
f6 45. Rb6 Re5 46. Rf7 d5 47. Rbb7 Rg5 48. Rxf6 d4 49. Rf2 d3 50. Rd2 Re5
51. Ra7 Re4 52. b5 Re2 53. Raa2 Rb8 54. Rxe2 dxe2 55. Rxe2 Rxb5 56. Kg3
Rb3+ 57. Kf4 Rb4+ 58. Re4 Rxe4+ 59. Kxe4 Kg6 60. Kf4 Kh5 61. g3 g5+ 62. Kf5
g4 63. hxg4# { Black checkmated } 1-0

[Event "ICC tourney 2412 (45 10)"]
[Site "Internet Chess Club"]
[Date "2021.02.27"]
[Round "4"]
[White "PUPPALLA, PRANAY:checkmate1823"]
[Black "MCDONALD, GABRIEL:Grinch81"]
[Result "0-1"]
[ICCResult "White checkmated"]
[WhiteElo "1631"]
[BlackElo "1961"]
[Opening "Queen's pawn: London system"]
[ECO "A45"]
[NIC "QP.07"]
[Time "18:32:13"]
[PlyCount "136"]
[TimeControl "2700+10"]

1. d4 Nf6 2. Bf4 e6 3. e3 b6 4. Qf3 d5 5. Nc3 Bb4 6. Ne2 Ba6 7. a3 Be7 8.
g4 c5 9. Bg2 Nc6 10. h4 O-O 11. g5 Nd7 12. Qg3 Rc8 13. h5 cxd4 14. Nxd4
Nxd4 15. exd4 Re8 16. O-O-O b5 17. Bf1 Qa5 18. g6 b4 19. Bxa6 Qxa6 20. axb4
Bxb4 21. gxf7+ Kxf7 22. Rdg1 Bf8 23. Be5 Nxe5 24. Qxe5 Qa1+ 25. Kd2 Qxb2
26. Rh3 Rc6 27. Rhg3 Re7 28. Rb1 Qa3 29. Qf4+ Kg8 30. Rb8 Rf7 31. Qe3 Qd6
32. Re8 Qd7 33. Rb8 Qc7 34. Re8 Qf4 35. Qxf4 Rxf4 36. Nd1 Rxd4+ 37. Ke1 Kf7
38. Rb8 Bd6 39. Rf3+ Rf4 40. Rb7+ Rc7 41. Rxc7+ Bxc7 42. Ra3 Bb6 43. Ne3
Rh4 44. Ke2 Rxh5 45. Ng4 Rf5 46. Rf3 Rxf3 47. Ne5+ Kf6 48. Nxf3 a5 49. Nd2
a4 50. Nb1 Bc5 51. Kd3 a3 52. Nc3 Bxf2 53. Na2 h5 54. c4 dxc4+ 55. Kxc4 h4
56. Kd3 h3 57. Ke4 h2 58. Kf3 h1=Q+ 59. Kxf2 Qh2+ 60. Ke3 Qxa2 61. Kd4 Qb2+
62. Kc4 a2 63. Kd3 a1=Q 64. Kc4 Qa4+ 65. Kc5 Qbb5+ 66. Kd6 Qaa6+ 67. Kc7
Qbb7+ 68. Kd8 Qaa8# { White checkmated } 0-1

[Event "ICC tourney 2412 (45 10)"]
[Site "Internet Chess Club"]
[Date "2021.02.27"]
[Round "4"]
[White "CHAMPSI, IMRAN:imranchamp"]
[Black "XIAO, JAMES:AJ2000"]
[Result "1-0"]
[ICCResult "Black resigns"]
[WhiteElo "1852"]
[BlackElo "1640"]
[Opening "Evans gambit"]
[ECO "C52"]
[NIC "IG.05"]
[Time "18:32:14"]
[PlyCount "133"]
[TimeControl "2700+10"]

1. e4 e5 2. Nf3 Nc6 3. Bc4 Bc5 4. b4 Bxb4 5. c3 Ba5 6. d4 d6 7. O-O Nf6 8.
Re1 O-O 9. h3 Bb6 10. Bb2 exd4 11. cxd4 d5 12. exd5 Nxd5 13. Nc3 Be6 14.
Nxd5 Bxd5 15. Bd3 Bxf3 16. Qxf3 Bxd4 17. Rab1 Bxb2 18. Rxb2 Qd4 19. Rxb7
Ne5 20. Bxh7+ Kxh7 21. Qh5+ Kg8 22. Qxe5 Qxe5 23. Rxe5 Rfe8 24. Rxe8+ Rxe8
25. Rxc7 a5 26. Rc5 a4 27. Ra5 Re4 28. f3 Rb4 29. a3 Rc4 30. Kf2 g6 31. g4
Kg7 32. g5 Kf8 33. Ra7 Ke8 34. Kg2 Kf8 35. Kg3 Kg8 36. Kf2 Kf8 37. Kg2 Kg8
38. Ra8+ Kg7 39. Kf2 Kh7 40. Re8 Rc2+ 41. Re2 Rc3 42. Re3 Rc2+ 43. Kg3 Rc5
44. h4 Kg7 45. Re4 Ra5 46. Rd4 Kf8 47. Kg4 Ke7 48. Re4+ Kf8 49. Rc4 Ke7 50.
Rd4 Ke6 51. Re4+ Kd6 52. Rf4 Ke6 53. Rf6+ Ke7 54. f4 Ke8 55. h5 gxh5+ 56.
Kxh5 Kf8 57. Kg4 Ke7 58. Rf5 Ra6 59. Rb5 Rc6 60. Rb4 Ra6 61. f5 Kd7 62. Re4
Kd6 63. Kh5 Kd7 64. g6 fxg6+ 65. fxg6 Ra8 66. g7 Rg8 67. Kg6 { Black
resigns } 1-0

[Event "ICC tourney 2412 (45 10)"]
[Site "Internet Chess Club"]
[Date "2021.02.27"]
[Round "4"]
[White "YADAV, ARJUN:arjunchesszero"]
[Black "Clifford, James:JacJac06"]
[Result "0-1"]
[ICCResult "White forfeits on time"]
[WhiteElo "1197"]
[BlackElo "1709"]
[Opening "Sicilian: Alapin's variation (2.c3)"]
[ECO "B22"]
[NIC "SI.46"]
[Time "18:32:25"]
[PlyCount "96"]
[TimeControl "2700+10"]

1. e4 c5 2. c3 e5 3. Nf3 Nc6 4. Bb5 Nf6 5. d3 d6 6. Bg5 Be7 7. Nbd2 O-O 8.
O-O Bg4 9. h3 Bh5 10. Re1 a6 11. Ba4 b5 12. Bb3 Na5 13. Bxf6 Bxf6 14. Bd5
Rc8 15. Nf1 c4 16. Ng3 Bg6 17. Rc1 cxd3 18. b3 Nc6 19. Nf1 b4 20. c4 Nd4
21. Nxd4 exd4 22. Qxd3 Re8 23. f4 h6 24. f5 Bh7 25. Nh2 Rc5 26. Nf3 Qb6 27.
Nh2 Ra5 28. Rc2 Ra3 29. Ng4 Be5 30. Nxe5 dxe5 31. Kh2 Rc8 32. Qg3 Qf6 33.
Rf1 Rc5 34. Rf3 Rca5 35. Qf2 Kf8 36. Qd2 Qb6 37. Qe2 Bg8 38. f6 gxf6 39.
Rf5 Bh7 40. Rf2 Bg6 41. Qd2 Kg7 42. Qd3 Qd8 43. Qg3 Rc5 44. h4 h5 45. Rf3
Rca5 46. Rff2 Rc5 47. Qh3 Qc8 48. Qxc8 Rxc8 { White forfeits on time } 0-1

[Event "ICC tourney 2412 (45 10)"]
[Site "Internet Chess Club"]
[Date "2021.02.27"]
[Round "4"]
[White "OPASKA, MICHAEL:mopaska1106"]
[Black "MAZUMDAR, SHAURYA:raremystery"]
[Result "1/2-1/2"]
[ICCResult "Game drawn by mutual agreement"]
[WhiteElo "1956"]
[BlackElo "1654"]
[Opening "Queen's pawn game"]
[ECO "D04"]
[NIC "QP.08"]
[Time "18:32:12"]
[PlyCount "145"]
[TimeControl "2700+10"]

1. d4 d5 2. Nf3 Nf6 3. e3 c5 4. c3 Nc6 5. Bd3 e6 6. O-O Bd6 7. Nbd2 O-O 8.
e4 dxe4 9. Nxe4 cxd4 10. cxd4 Be7 11. Nxf6+ Bxf6 12. Be3 Qd5 13. Bb1 Rd8
14. Qc2 Qf5 15. Qxc6 bxc6 16. Bxf5 exf5 17. Rfc1 Bb7 18. b4 f4 19. Bxf4
Bxd4 20. Rab1 Bf6 21. Nd2 Rd7 22. Nb3 Be7 23. Na5 Rc8 24. h3 h6 25. a3 a6
26. Be3 Bd8 27. Nb3 Be7 28. Bc5 Bg5 29. Rc4 Rcd8 30. Na5 Rc8 31. a4 Bd8 32.
Nxb7 Rxb7 33. a5 Bxa5 34. Ra1 Bb6 35. Rxa6 Bxc5 36. Rxc5 Rxb4 37. Raxc6
Rxc6 38. Rxc6 g5 39. Rxh6 Kg7 40. Ra6 f6 41. g3 Kg6 42. Kg2 Rc4 43. g4 Rc3
44. Ra5 Rb3 45. Rf5 Rb4 46. Kg3 Rb3+ 47. f3 Rc3 48. h4 gxh4+ 49. Kxh4 Rb3
50. Kg3 Ra3 51. Rb5 Rc3 52. Rd5 Ra3 53. Kf4 Rb3 54. Ke4 Rb4+ 55. Ke3 Rb3+
56. Kf2 Ra3 57. Kg3 Rb3 58. Ra5 Rc3 59. Ra4 Kg5 60. Rb4 Ra3 61. Rb8 Kg6 62.
Rb5 Rc3 63. Kf2 Ra3 64. Rd5 Rb3 65. f4 Ra3 66. Rd6 Ra2+ 67. Ke3 Ra3+ 68.
Ke4 Ra4+ 69. Rd4 Ra1 70. f5+ Kg5 71. Kd5 Re1 72. Kd6 Re2 73. Kd7 { Game
drawn by mutual agreement } 1/2-1/2

[Event "ICC tourney 2412 (45 10)"]
[Site "Internet Chess Club"]
[Date "2021.02.27"]
[Round "4"]
[White "ASCHERMAN, JEREMY:JeremyICC"]
[Black "LEVINE, OWEN:Superowen"]
[Result "1/2-1/2"]
[ICCResult "Game drawn by mutual agreement"]
[WhiteElo "1676"]
[BlackElo "1692"]
[Opening "Queen's pawn, Mason variation"]
[ECO "D00"]
[NIC "QP.08"]
[Time "18:32:12"]
[PlyCount "91"]
[TimeControl "2700+10"]

1. d4 d5 2. Bf4 Nf6 3. e3 c5 4. c3 Nc6 5. Bd3 Qb6 6. Qb3 c4 7. Qxb6 axb6 8.
Bc2 b5 9. Nd2 e6 10. Ngf3 b4 11. cxb4 Nxb4 12. Bb1 Nd7 13. O-O Nb6 14. e4
dxe4 15. Nxe4 N6d5 16. Nd6+ Bxd6 17. Bxd6 b5 18. Re1 Bb7 19. Ng5 Rd8 20.
Bc5 Na6 21. Ne4 Nxc5 22. dxc5 O-O 23. Nd6 Bc6 24. Re4 Nb4 25. Rh4 h6 26.
Be4 Bxe4 27. Rxe4 Rb8 28. Re5 Nd3 29. Rh5 Nxb2 30. Rb1 c3 31. c6 Rbd8 32.
Nb7 c2 33. Rf1 Rc8 34. Rc5 Nc4 35. Rc1 Na3 36. c7 Nc4 37. Rxc2 f6 38. g3
Rf7 39. Nd8 Rfxc7 40. Rxc7 Rxc7 41. Nxe6 Re7 42. Nf4 Rd7 43. a4 Na3 44.
Rc8+ Kh7 45. axb5 Nxb5 46. Kg2 { Game drawn by mutual agreement } 1/2-1/2

[Event "ICC tourney 2412 (45 10)"]
[Site "Internet Chess Club"]
[Date "2021.02.27"]
[Round "4"]
[White "YU, AVERY:Averyyu321"]
[Black "Thomas, Mitchell:byumitchell"]
[Result "1-0"]
[ICCResult "Black checkmated"]
[WhiteElo "1780"]
[BlackElo "1409"]
[Opening "Alekhine's defense: modern variation, 4...Bg4"]
[ECO "B05"]
[NIC "AL.03"]
[Time "18:32:46"]
[PlyCount "73"]
[TimeControl "2700+10"]

1. e4 Nf6 2. e5 Nd5 3. d4 d6 4. Nf3 Bg4 5. Be2 Nc6 6. exd6 cxd6 7. O-O e6
8. c3 Be7 9. h3 Bh5 10. Nbd2 a6 11. Re1 Bg6 12. Nf1 Qc7 13. Ne3 O-O-O 14.
a4 h5 15. Qb3 Nxe3 16. Bxe3 d5 17. Qd1 f6 18. b4 Bf7 19. b5 axb5 20. axb5
Nb8 21. Qd2 g5 22. c4 g4 23. Nh2 gxh3 24. gxh3 Rhg8+ 25. Kh1 Bd6 26. f4 Bg6
27. c5 Be4+ 28. Bf3 Bxf3+ 29. Nxf3 Be7 30. Qh2 f5 31. Ra8 Rg7 32. b6 Qc6
33. Ne5 Qe8 34. Qa2 Bf6 35. Rxb8+ Kxb8 36. Qa7+ Kc8 37. Qa8# { Black
checkmated } 1-0

[Event "ICC tourney 2412 (45 10)"]
[Site "Internet Chess Club"]
[Date "2021.02.27"]
[Round "4"]
[White "CHENG, CLAIRE:Clairehouses"]
[Black "THOMAS, MICHAEL G:chesslin"]
[Result "1-0"]
[ICCResult "Black checkmated"]
[WhiteElo "1697"]
[BlackElo "1949"]
[Opening "King's Indian: Petrosian system, Stein variation"]
[ECO "E92"]
[NIC "KI.17"]
[Time "18:32:54"]
[PlyCount "103"]
[TimeControl "2700+10"]

1. d4 g6 2. c4 Bg7 3. Nc3 d6 4. e4 Nf6 5. Nf3 O-O 6. Be2 e5 7. d5 a5 8. O-O
Na6 9. Bg5 Bd7 10. b3 h6 11. Be3 Ng4 12. Bc1 f5 13. Nd2 Nf6 14. f3 f4 15.
Bb2 g5 16. Nb5 Qe8 17. a3 Qg6 18. b4 axb4 19. axb4 g4 20. Qb3 g3 21. h3 Qh5
22. Rfc1 Bxh3 23. gxh3 Qxh3 24. Nf1 Nd7 25. c5 Rf6 26. c6 Rg6 27. cxb7 Rg5
28. bxa8=Q+ Nab8 29. Qa7 Rh5 30. Nh2 Qxh2+ 31. Kf1 g2+ 32. Ke1 g1=Q+ 33.
Qxg1 Qxg1+ 34. Kd2 Qb6 35. Rxc7 Rh2 36. Rc8+ Kf7 37. Na7 Nc5 38. Qc3 Ncd7
39. Nc6 Qf2 40. Qd3 Nxc6 41. dxc6 Nb6 42. Ra7+ Kg6 43. Qxd6+ Kh5 44. Qd3
Nc4+ 45. Qxc4 Qe3+ 46. Kd1 Rh1+ 47. Kc2 Qxa7 48. c7 Rh2 49. Rg8 Qe3 50.
c8=Q Rxe2+ 51. Kb1 Qa7 52. Qg4# { Black checkmated } 1-0

[Event "ICC tourney 2412 (45 10)"]
[Site "Internet Chess Club"]
[Date "2021.02.27"]
[Round "4"]
[White "PU, LANDON:landonp"]
[Black "FURMAN, MIKHAIL:mfurm"]
[Result "0-1"]
[ICCResult "White resigns"]
[WhiteElo "1524"]
[BlackElo "1917"]
[Opening "Sicilian defense"]
[ECO "B44"]
[NIC "SI.39"]
[Time "18:32:12"]
[PlyCount "118"]
[TimeControl "2700+10"]

1. e4 c5 2. Nf3 e6 3. d4 cxd4 4. Nxd4 Nc6 5. Be2 Nf6 6. Nc3 Qc7 7. O-O d6
8. Be3 Bd7 9. Ndb5 Qb8 10. Qd2 a6 11. Nd4 b5 12. a3 Be7 13. Rad1 b4 14.
axb4 Qxb4 15. Ra1 Nxd4 16. Bxd4 O-O 17. Rfd1 a5 18. Bxf6 Bxf6 19. Rab1 Bc6
20. Bf3 Rfd8 21. Qe3 a4 22. h3 a3 23. Na2 Qc4 24. b3 Qc5 25. Qxc5 dxc5 26.
Kf1 Bd4 27. Ke1 Bb2 28. Kf1 Kf8 29. Ke1 Ke7 30. Kf1 e5 31. Ke1 Rac8 32. Kf1
Bb5+ 33. c4 Bc6 34. Ke1 Rb8 35. Rxd8 Kxd8 36. Rd1+ Bd4 37. Rd3 g6 38. g4
Ke7 39. Ke2 Kf6 40. h4 h6 41. Ke1 Ke6 42. g5 hxg5 43. hxg5 Rh8 44. Ke2 Rh4
45. b4 cxb4 46. Nxb4 Bxe4 47. Rxa3 Bc5 48. Ra6+ Kf5 49. Rf6+ Kxg5 50. Bxe4
Rxe4+ 51. Kf3 Kxf6 52. Kxe4 Bxb4 53. Kd5 Kf5 54. c5 Bxc5 55. Kxc5 e4 56.
Kd4 Kf4 57. Kc3 Kf3 58. Kd4 f5 59. Ke5 Kxf2 { White resigns } 0-1

[Event "ICC tourney 2412 (45 10)"]
[Site "Internet Chess Club"]
[Date "2021.02.27"]
[Round "4"]
[White "LIU, JASON:jason54312"]
[Black "RODENSTEIN, ALAN:arconsul2"]
[Result "1-0"]
[ICCResult "Black resigns"]
[WhiteElo "1528"]
[BlackElo "1726"]
[Opening "Caro-Kann: classical variation"]
[ECO "B18"]
[NIC "CK.10"]
[Time "18:32:19"]
[PlyCount "151"]
[TimeControl "2700+10"]

1. e4 c6 2. d4 d5 3. Nc3 dxe4 4. Nxe4 Bf5 5. Ng3 Bg6 6. Nf3 Nd7 7. Bd3 Bxd3
8. Qxd3 Ngf6 9. O-O Qc7 10. c4 O-O-O 11. Qc3 e6 12. Be3 Ng4 13. Rfe1 Nxe3
14. Rxe3 Nf6 15. Ne4 Nxe4 16. Rxe4 Be7 17. Ne5 Bf6 18. Ree1 Bxe5 19. dxe5
Qd7 20. Kf1 Qd3+ 21. Qxd3 Rxd3 22. Re2 Rhd8 23. Ke1 R3d4 24. b3 Kc7 25. f3
Kb6 26. Kf2 Kc5 27. Rc1 Rd1 28. Rcc2 Kb4 29. Kg3 R8d7 30. h4 a5 31. Rb2 Kc5
32. Rbc2 R7d4 33. f4 h5 34. Rf2 R4d3+ 35. Kh2 Rd7 36. g3 Kb4 37. Kg2 a4 38.
bxa4 Kxa4 39. Rb2 R1d3 40. Rfc2 Ka5 41. Kf2 Ka6 42. c5 Ka7 43. Kg2 Kb8 44.
Kf2 Ra3 45. Rd2 Rdd3 46. Rxd3 Rxd3 47. Rc2 Kc7 48. Kg2 Ra3 49. Kf2 b6 50.
cxb6+ Kxb6 51. Rd2 Kc7 52. Rc2 Ra5 53. Ke3 Ra3+ 54. Kf2 Rd3 55. Kg2 Kb6 56.
Rb2+ Ka6 57. Rc2 Kb5 58. Rb2+ Ka4 59. Rc2 Kb5 60. Rb2+ Kc5 61. Rb7 Kd4 62.
Rxf7 c5 63. Rd7+ Ke3 64. Rxg7 c4 65. Re7 Rd2+ 66. Kh3 c3 67. Rxe6 Kf3 68.
Rc6 c2 69. Rc3+ Ke4 70. e6 Rd3 71. Rxc2 Rd8 72. e7 Re8 73. Re2+ Kf5 74.
Re5+ Kf6 75. g4 hxg4+ 76. Kxg4 { Black resigns } 1-0